 Dungeon Crawl Stone Soup version 0.31-a0-627-gd65175cf8b (webtiles) character file.

Game seed: 559444938140312360

126 GenialerGandalf the Trooper (level 5, -6/47 HPs)
             Began as a Hill Orc Fighter on Aug 25, 2023.
             Killed from afar by an orc wizard (9 damage)
             ... with a magic dart
             ... on level 3 of the Dungeon.
             The game lasted 00:03:13 (1807 turns).

GenialerGandalf the Trooper (Hill Orc Fighter)      Turns: 1807, Time: 00:03:14

Health: -6/47      AC:  8    Str: 21    XL:     5   Next: 9%
Magic:  5/5        EV:  9    Int:  8    God:
Gold:   143        SH:  0    Dex: 10    Spells: 4/4 levels left

rFire   . . .        a - +0 war axe
rCold   . . .        c - +0 buckler
rNeg    . . .        b - +0 scale mail
rPois   .            (no helmet)
rElec   .            (no cloak)
rCorr   .            n - +0 pair of gloves
SInv    .            (no boots)
Will    .....        (no amulet) Stlth
                     (no ring)
HPRegen 0.27/turn    (no ring)
MPRegen 0.09/turn

%: no passive effects
@: confused
A: no striking features
a: no special abilities


You were on level 3 of the Dungeon.
You visited 1 branch of the dungeon, and saw 3 of its levels.

You collected 143 gold pieces.

Inventory:

Hand Weapons
 a - a +0 war axe (weapon)
Armour
 b - a +0 scale mail (worn)
 c - a +0 buckler (worn)
 n - a +0 pair of gloves (worn)
Jewellery
 f - a ring of protection from cold
 g - a ring of resist corrosion
Scrolls
 e - a scroll of noise {unknown}
 k - 2 scrolls of teleportation {unknown}
 m - a scroll of enchant armour {unknown}
Potions
 d - a potion of might
 h - a potion of curing {unknown}
 i - a potion of heal wounds {unknown}
 j - 3 potions of enlightenment {unknown}
 l - a potion of berserk rage {unknown}
 o - a potion of ambrosia {unknown}
 p - a potion of invisibility {unknown}


   Skills:
 * Level 4.5 Fighting
 + Level 4.2 Axes
 * Level 4.3 Armour
 * Level 3.9 Shields


You had 4 spell levels left.
You didn't know any spells.
Your spell library contained the following spells:

 Spells                   Type           Power      Damage    Failure   Level
 Hailstorm                Conj/Ice       0%         3d3       99%         3
 Summon Ice Beast         Ice/Summ       0%         N/A       100%        4
 Simulacrum               Ice/Necr       0%         N/A       100%        6


Dungeon Overview and Level Annotations

Branches:
Dungeon (3/15)

Altars:


Message History

Something hits you.
You miss something. x2; Something hits you but does no damage.
Something hits you.
You hear some strange, mumbled words.
A magic dart appears from out of thin air!
The magic dart hits you!
You bump into the rock wall.
Something hits you but does no damage. x2
You completely miss something. x2
You hear some strange, mumbled words.
A magic dart appears from out of thin air!
The magic dart hits you but does no damage.
Something hits you but does no damage. Something hits you.
You miss something. You barely miss something.
Something hits you but does no damage. x2
You bump into the rock wall.
You feel less confused.
You hear some strange, mumbled words.
A magic dart appears from out of thin air!
The magic dart hits you!
* * * LOW HITPOINT WARNING * * *
You hear some strange, mumbled words.
You are confused.
You miss something. You completely miss something.
Something hits you but does no damage.
You hear some strange, mumbled words.
A magic dart appears from out of thin air!
The magic dart hits you.
* * * LOW HITPOINT WARNING * * *
You hear some strange, mumbled words.
A puff of flame appears from out of thin air!
The puff of flame hits you but does no damage.
You closely miss something. You completely miss something. Something hits you.
* * * LOW HITPOINT WARNING * * *
Something hits you but does no damage. Something completely misses you.
You barely miss something. You completely miss something. Something hits you.
* * * LOW HITPOINT WARNING * * *
You hear some strange, mumbled words.
A magic dart appears from out of thin air!
The magic dart hits you!
You die...

#.####.##'#.#######
#.# +.+..#.#
#.#..#.#
#.#+##.####.#
#...........#
#.#+##.####.#
+.'..#.# #.#..#.#
#.####@##'#.#
#....{{.....#
#.####.##+#.# +.+
.# #.# # #.# ...
###


There were no monsters in sight!

Vanquished Creatures
  Natasha (twice) (D:2)
  An adder (D:2)
  4 dart slugs
  An orc (D:3)
  4 bats
  5 endoplasms
  A giant cockroach (D:2)
  6 goblins
  4 hobgoblins
  3 jackals (D:1)
  4 quokkas
  4 ball pythons
  4 frilled lizards
  5 kobolds
  6 rats
54 creatures vanquished.

Notes
Turn   | Place    | Note
-------+----------+-------------------------------------------
     0 | D:1      | GenialerGandalf the Hill Orc Fighter began the quest for
                  | the Orb.
     0 | D:1      | Reached XP level 1. HP: 19/19 MP: 1/1
   146 | D:1      | Found a faded altar of an unknown god.
   163 | D:1      | Reached XP level 2. HP: 27/27 MP: 2/2
   447 | D:1      | Reached XP level 3. HP: 32/33 MP: 3/3
   864 | D:2      | Reached XP level 4. HP: 40/40 MP: 4/4
  1005 | D:2      | Noticed Natasha
  1016 | D:2      | Killed Natasha
  1265 | D:2      | Noticed Natasha
  1273 | D:2      | Killed Natasha
  1274 | D:2      | Reached XP level 5. HP: 40/47 MP: 5/5
  1807 | D:3      | Killed from afar by an orc wizard

Illustrated notes

Levels and vault maps discovered:
D:1:      dpeg_arrival_short_road, layout_basic,
          ebering_ecumenical_altar_sacrificial, nicolae_houndstooth_variations
D:2:      minmay_recursive_quarters, layout_rooms, chequers_decorated_corner,
          uniq_natasha
D:3:      minmay_door_path, layout_loops_corners,
          mainiacjoe_overflow_cross_hatched

Skill      XL: |  1  2  3  4 |
---------------+-------------+-----
Axes           | 3 4 |  4.2
Fighting       | 4 |  4.5
Armour         | 4 |  4.3
Shields        | |  3.9

Action                     |  1- 3 |  4- 6 || total
---------------------------+-------+-------++-------
  Melee: War axe           |    84 |    63 ||   147
 Armour: Scale mail        |    64 |    37 ||   101
  Dodge: Dodged            |    50 |    34 ||    84
  Block: Buckler           |    23 |     7 ||    30

Table legend: (Time is in decaauts)
 A = Elapsed time spent in this place.
 B = Non-inter-level travel time spent in this place.
 C = Inter-level travel time spent in this place.
 D = Time resting spent in this place.
 E = Time spent auto-exploring this place.
 F = Levels seen in this place.
 G = Mean time per level.
                   A        B        C        D        E       F      G
               +--------+--------+--------+--------+--------+-----+--------+
         Total |   1880 |   1821 |     59 |      0 |   1457 |   3 |  626.7 |
       Dungeon |   1880 |   1821 |     59 |      0 |   1457 |   3 |  626.7 |
               +--------+--------+--------+--------+--------+-----+--------+

Top non-repeatable levels by time:
     D:1: 738 daAuts
     D:2: 681 daAuts
     D:3: 461 daAuts
